 Dungeon Crawl Stone Soup version 0.27.0-1-g7a089689b8 (webtiles) character file.

Game seed: 2774285558772350658

10576 airwow the Fighter (level 11, -14/99 HPs)
             Began as a Hill Orc Fighter on Aug 16, 2021.
             Was a High Priest of Beogh.
             Demolished by an orc knight (23 damage)
             ... in a bailey.
             The game lasted 00:45:39 (13921 turns).

airwow the Fighter (Hill Orc Fighter)              Turns: 13921, Time: 00:45:40

Health: -14/99     AC: 18    Str: 33    XL:     11   Next: 64%
Magic:  0/16       EV: 12    Int: 13    God:    Beogh [*****.]
Gold:   427        SH: 13    Dex: 18    Spells: 10/10 levels left

rFire    + . .     SeeInvis .   f - +8 rapier of Wouxoid {venom, rF+ Dex+8}
rCold    x . .     Faith    .   c - +0 kite shield
rNeg     . . .     Spirit   +   b - +0 scale mail
rPois    +         Reflect  .   s - +2 helmet
rElec    .         Harm     .   H - +2 cloak {rCorr}
rCorr    +         Rampage  .   L - +1 pair of gloves
Will     .....                  m - +0 pair of boots
Stlth    ++........             t - amulet of guardian spirit
HPRegen  0.26/turn              x - +6 ring of strength
MPRegen  0.15/turn              e - ring of Plog {rPois rC- Str+6 Int+3}

@: no status effects
A: walk on water
a: Renounce Religion, Smiting, Recall Orcish Followers, Give Item to Named
Follower


You were in a bailey.
You worshipped Beogh.
Beogh was extremely pleased with you.
You visited 2 branches of the dungeon, and saw 11 of its levels.
You also visited: Bailey.

You collected 607 gold pieces.
You spent 180 gold pieces at shops.

Inventory:

Hand Weapons
 a - a +0 long sword
 f - the +8 rapier of Wouxoid (weapon) {venom, rF+ Dex+8}
   (You found it on level 5 of the Dungeon)

   It poisons the flesh of those it strikes.
   Dex:       It affects your dexterity (+8).
   rF:        It protects you from fire.
 k - a +0 falchion
 p - a +4 spear
 u - the +11 short sword of Impeachment {pain, Str+7 Int+3 Dex-5}
   (You found it on level 4 of the Dungeon)

   In the hands of one skilled in necromantic magic, it inflicts extra damage on
   living creatures.
   Str:       It affects your strength (+7).
   Int:       It affects your intelligence (+3).
   Dex:       It affects your dexterity (-5).
Armour
 b - a +0 scale mail (worn)
 c - a +0 kite shield (worn)
 m - a +0 pair of boots (worn)
 s - a +2 helmet (worn)
 H - a +2 cloak of preservation (worn)
 L - a +1 pair of gloves (worn)
Jewellery
 e - the ring of Plog (right hand) {rPois rC- Str+6 Int+3}
   (You acquired it on level 4 of the Dungeon)

   [ring of strength]

   Str:       It affects your strength (+6).
   Int:       It affects your intelligence (+3).
   rC:        It makes you vulnerable to cold.
   rPois:     It protects you from poison.
 r - a ring of poison resistance
 t - an amulet of guardian spirit (around neck)
 x - a +6 ring of strength (left hand)
Wands
 o - a wand of mindburst (16)
 q - a wand of iceblast (6)
Scrolls
 l - 3 scrolls of amnesia
 v - a scroll of brand weapon
 y - a scroll of teleportation
 B - a scroll of fear
 I - a scroll of summoning {unknown}
 J - a scroll of magic mapping
 K - a scroll of enchant armour {unknown}
Potions
 d - a potion of might
 g - 2 potions of cancellation
 h - 2 potions of flight
 i - 2 potions of resistance
 j - a potion of berserk rage {unknown}
 n - a potion of ambrosia {unknown}
 w - 3 potions of attraction
 z - 3 potions of curing
 A - a potion of brilliance
 D - 2 potions of lignification
 F - a potion of magic {unknown}


   Skills:
 + Level 9.7 Fighting
 + Level 6.8(7.1) Short Blades
 - Level 3.1(5.7) Long Blades
 - Level 5.0 Polearms
 + Level 7.2 Armour
 - Level 5.0 Dodging
 - Level 5.0 Stealth
 + Level 9.1 Shields
 + Level 7.4 Invocations


You had 10 spell levels left.
You didn't know any spells.
Your spell library contained the following spells:

 Spells                   Type           Power      Damage    Failure   Level
 Blink                    Tloc           N/A        N/A       88%         2
 Slow                     Hex            0%         N/A       88%         2
 Confusing Touch          Hex            0%         N/A       98%         3
 Dazzling Flash           Conj/Hex       0%         N/A       98%         3
 Frozen Ramparts          Ice            0%         1d2       98%         3
 Gell's Gravitas          Tloc           0%         N/A       98%         3
 Lesser Beckoning         Tloc           0%         N/A       98%         3
 Summon Guardian Golem    Hex/Summ       0%         N/A       98%         3
 Teleport Other           Tloc           0%         N/A       98%         3
 Vampiric Draining        Necr           0%         2d6       98%         3
 Animate Dead             Necr           0%         N/A       100%        4
 Iskenderun's Mystic Bla  Conj/Tloc      0%         2d3       100%        4
 Summon Ice Beast         Ice/Summ       0%         N/A       100%        4
 Borgnjor's Vile Clutch   Necr/Erth      0%         N/A       100%        5
 Manifold Assault         Tloc           0%         N/A       100%        5
 Death Channel            Necr           0%         N/A       100%        6
 Dispersal                Tloc           0%         N/A       100%        6
 Starburst                Conj/Fire      0%         8x6d3     100%        6
 Orb of Destruction       Conj           0%         N/A       100%        7
 Spellforged Servitor     Conj/Summ      0%         N/A       100%        7
 Storm Form               Tmut/Air       0%         N/A       100%        7
 Polar Vortex             Ice            0%         N/A       100%        9


Dungeon Overview and Level Annotations

Branches:
Dungeon (10/15)            Temple (1/1) D:5            Lair (0/6) D:10
 Bailey (1/1)
    Orc: D:9-12

Altars:
Ashenzari
Cheibriados
Dithmenos
Elyvilon
Fedhas
Gozag
Hepliaklqana
Kikubaaqudgha
Makhleb
Nemelex Xobeh
Okawaru
Qazlal
Ru
Sif Muna
Trog
Uskayaw
Vehumet
Wu Jian
Xom
Yredelemnul
Zin
The Shining One

Shops:
D:3 (   D:4 :   D:5 :   D:9 [

Annotations:
D:10 4 runed translucent doors, exclusion: deep elf pyromancer


Message History

You block the orc warrior's attack.
The orc knight roars a battlecry!
The orcs go into a battle-frenzy!
Your orc warrior closely misses the orc warrior.
The orc knight roars a battlecry!
The orc knight goes into a battle-frenzy!
You block the orc warrior's attack.
Your orc warrior barely misses the orc warrior.
Your orc closely misses the orc warrior.
Your orc warrior hits the orc warrior from afar with a +0 halberd!
Your orc barely misses the orc warrior.
Your orc warrior hits the orc warrior from afar with a +0 halberd!!
You block the orc knight's attack.
You open the door.
The orc warrior relaxes its fighting stance and smiles at you.
It shouts, "Surely Beogh must have sent you!"
An orc warrior comes into view. It is wielding a +0 trident.
Something closely misses the orc warrior.
Something completely misses the orc warrior.
You block the orc knight's attack.
The orc knight hits you but does no damage.
The orc knight hits you from afar with a +0 halberd!
The orc warrior hits you from afar with a +0 glaive.
Why would you want to do that?
The orc knight hits you from afar with a +0 halberd!!
The orc knight hits you from afar with a +0 halberd!
The orc warrior closely misses you.
The orc knight hits you but does no damage.
The orc warrior hits you from afar with a +0 glaive!!
The orc knight yells, "Die, heretic!"
The orc knight hits you from afar with a +0 halberd!
* * * LOW HITPOINT WARNING * * *
The orc warrior hits you from afar with a +0 glaive!
* * * LOW HITPOINT WARNING * * *
You block the orc knight's attack.
You open the door.
The orc knight grunts, "The messiah will be a true Orc!"
The orc knight hits you from afar with a +0 trident!!
You die...
Beogh appreciates the orc knight's killing of a heretic priest.

.≈.#############+###o#########o
.≈.## ##§§§.§oo..## .≈..## #
§.≈≈§≈§≈≈oo## .≈≈..##
+.§≈§.....≈§o.## #.≈≈..#
..§§..⌠∩⌠..§≈..# ∩.≈≈..#
..§≈...⌠...≈§..# .≈≈..##
#..≈≈..ooo≈§..## .≈..##
#..≈≈≈≈≈§≈..## .≈.##.$$$.
#....@....#'....o# .≈.#######
#####'############ .≈..#####
... .≈≈≈≈≈≈≈## #[}[# .........#
##.## #######.## ### ####...##
#∩..#### ∩####


You could see 2 orc knights, an orc warrior (strong, ally target), a friendly
orc warrior and 4 friendly orcs.

Vanquished Creatures
  2 two-headed ogres (D:10)
  2 komodo dragons (D:10)
  A troll (D:9)
  3 shadows
  A wyvern (D:9)
  10 yaks
  Grum (D:8)
  3 vampire mosquitoes (D:5)
  Menkaure (D:4)
  3 wargs (D:10)
  A water moccasin (D:7)
  5 orc warriors
  2 sky beasts
  4 necrophages
  3 ogres
  3 wolves (D:8)
  A centaur (D:8)
  A kobold brigand (D:9)
  3 bullfrogs
  2 scorpions
  8 killer bees
  3 wights (D:8)
  3 howler monkeys
  A crimson imp (D:7)
  5 lava snakes (D:8)
  2 centaur zombies (D:8)
  2 bullfrog zombies (D:6)
  A jelly (D:7)
  7 orc priests
  A hound (D:7)
  A bullfrog skeleton (D:7)
  3 iguanas
  9 orc wizards
  Natasha (thrice) (D:2)
  2 hell rats (D:7)
  A killer bee zombie (D:7)
  A hound skeleton (D:4)
  4 gnolls (D:2)
  A howler monkey zombie (D:8)
  6 adders
  10 river rats (D:7)
  3 white imps
  An ufetubus (D:5)
  An adder skeleton (D:4)
  2 worms (D:5)
  A dart slug (D:3)
  32 orcs
  6 ball pythons
  2 bats
  2 endoplasms (D:1)
  3 giant cockroaches
  11 goblins
  8 hobgoblins
  17 jackals
  10 quokkas
  2 frilled lizards
  6 kobolds
  24 rats
257 creatures vanquished.

Vanquished Creatures (collateral kills)
  A two-headed ogre (D:10)
  A gargoyle (D:9)
  A troll (D:9)
  A wraith (D:10)
  8 yaks
  2 orc warriors
  2 killer bees (D:9)
  3 howler monkeys
  A centaur zombie (D:9)
  2 orc priests (D:10)
  An orc wizard (D:9)
  4 orcs
27 creatures vanquished.

Vanquished Creatures (others)
  An orc knight (D:10)
  6 orcs
7 creatures vanquished.

Grand Total: 291 creatures vanquished

Notes
Turn   | Place    | Note
-------+----------+-------------------------------------------
     0 | D:1      | airwow the Hill Orc Fighter began the quest for the Orb.
     0 | D:1      | Reached XP level 1. HP: 19/19 MP: 1/1
   572 | D:1      | Reached XP level 2. HP: 18/27 MP: 2/2
  1330 | D:1      | Reached XP level 3. HP: 33/33 MP: 3/3
  1675 | D:2      | Noticed Natasha
  1687 | D:2      | Killed Natasha
  2012 | D:2      | Found a faded altar of an unknown god.
  2088 | D:2      | Noticed Natasha
  2101 | D:2      | Killed Natasha
  2102 | D:2      | Reached XP level 4. HP: 19/41 MP: 4/4
  2321 | D:2      | Noticed Natasha
  2335 | D:2      | Killed Natasha
  2605 | D:2      | Reached XP level 5. HP: 29/47 MP: 5/5
  3257 | D:2      | Found a hazy altar of Hepliaklqana.
  3805 | D:3      | Became a worshipper of Beogh the Brigand
  3836 | D:3      | Found Kelithirgh's Antique Weapon Shop.
  3991 | D:3      | Reached skill level 1 in Polearms
  4212 | D:3      | Got the Guide on the Freezing Compass
  4329 | D:3      | Noticed a necrophage
  4442 | D:3      | Killed a necrophage
  4443 | D:3      | Reached skill level 5 in Shields
  4443 | D:3      | Reached XP level 6. HP: 46/55 MP: 6/6
  4541 | D:3      | Reached skill level 5 in Fighting
  4874 | D:4      | Noticed a sky beast
  4894 | D:4      | Killed a sky beast
  4895 | D:4      | Reached skill level 1 in Invocations
  5161 | D:4      | Identified a scroll of acquirement
  5161 | D:4      | Acquired the ring of Plog {rPois rC- Str+6 Int+3}
  5199 | D:4      | Reached * piety under Beogh
  5209 | D:4      | Reached XP level 7. HP: 60/61 MP: 7/7
  5223 | D:4      | Found Melaaj's Book Shop.
  5233 | D:4      | Reached skill level 1 in Dodging
  5270 | D:4      | Reached skill level 1 in Stealth
  5318 | D:4      | Noticed Menkaure
  5369 | D:4      | Killed Menkaure
  5370 | D:4      | Reached skill level 5 in Armour
  5703 | D:4      | Identified the +11 short sword of Impeachment {pain, Str+7
                  | Int+3 Dex-5}
  6480 | D:5      | Entered Level 5 of the Dungeon
  6552 | D:5      | Noticed a shadow
  6575 | D:5      | Killed a shadow
  6576 | D:5      | Reached XP level 8. HP: 15/68 MP: 4/10
  6882 | D:5      | HP: 3/69 [vampire mosquito (6)]
  6892 | D:5      | Reached skill level 5 in Polearms
  7212 | D:5      | Identified the +8 rapier of Wouxoid {venom, rF+ Dex+8}
  7371 | D:5      | Found a staircase to the Ecumenical Temple.
  7432 | D:5      | Found Jugein's Book Shoppe.
  7444 | D:5      | Reached skill level 5 in Invocations
  7485 | D:5      | You fall into a shaft and drop 3 floors!
  7568 | D:7      | Reached skill level 1 in Short Blades
  7591 | D:7      | Reached XP level 9. HP: 63/75 MP: 8/12
  7593 | D:7      | Reached ** piety under Beogh
  8059 | Temple   | Entered the Ecumenical Temple
  8694 | D:6      | Found a glowing silver altar of Zin.
  9714 | D:7      | Reached XP level 10. HP: 42/86 MP: 7/13
 10064 | D:7      | Reached *** piety under Beogh
 10490 | D:8      | Noticed Grum
 10508 | D:8      | Killed Grum
 10509 | D:8      | Reached skill level 5 in Short Blades
 10641 | D:8      | Reached **** piety under Beogh
 11395 | D:8      | Reached skill level 5 in Dodging
 12016 | D:9      | Reached skill level 5 in Stealth
 12144 | D:9      | Found Meuptekk's Antique Armour Shop.
 12152 | D:9      | Bought a runed cloak for 180 gold pieces
 12350 | D:9      | Reached ***** piety under Beogh
 12603 | D:9      | Reached XP level 11. HP: 95/95 MP: 15/15
 13186 | D:10     | Entered Level 10 of the Dungeon
 13194 | D:10     | Found a staircase to the Lair.
 13197 | D:10     | Noticed a two-headed ogre
 13205 | D:10     | Killed a two-headed ogre
 13208 | D:10     | Noticed a two-headed ogre
 13222 | D:10     | Killed a two-headed ogre
 13343 | D:10     | Noticed a two-headed ogre
 13349 | D:10     | Killed a two-headed ogre
 13467 | D:10     | Found a large runed translucent door.
 13467 | D:10     | Found a large runed translucent door.
 13528 | D:10     | Noticed a deep elf pyromancer
 13528 | D:10     | Noticed a manticore
 13529 | D:10     | Found a large runed translucent door.
 13530 | D:10     | Found a large runed translucent door.
 13551 | D:10     | Gained Olfrun as an ally
 13682 | D:10     | Found a flagged portal.
 13835 | Bailey   | Entered a bailey
 13905 | Bailey   | Noticed an orc knight
 13905 | Bailey   | Noticed an orc knight
 13921 | Bailey   | Demolished by an orc knight

Illustrated notes

Levels and vault maps discovered:
D:1:      elethiomel_arrival_maze, layout_loops_corners, nrook_mini_backslash,
          grunt_decor_junction, minivault_23, nrook_campfire, minivault_5
D:2:      layout_loops_corners, basic_altar,
          chequers_ecumenical_altar_simple_redux, uniq_natasha
D:3:      layout_loops_ring, serial_shops, shop
D:4:      layout_basic, serial_shops, nicolae_inconvenience_store, wad_orctagon,
          uniq_menkaure
D:5:      layout_loops_ring, minmay_temple_entry_statues_fountains,
          serial_shops, nicolae_shop_temple_entry_statues_fountains,
          mrwooster_statue_mirror
D:6:      layout_loops_ring, kennysheep_mini_moat
D:7:      lemuel_ratsnest, layout_basic, minmay_fire_ice_demons
D:8:      layout_basic, grunt_ministairs_7, minmay_misc_feat_nine_boxes,
          kennysheep_boxes, uniq_grum
D:9:      layout_stronghold, serial_shops,
          nicolae_shop_temple_entry_statues_fountains
D:10:     layout_rooms, erik_lair_orcish_takeover, enter_bailey_5,
          grunt_decor_one_mirror, minmay_hollow_rounded_squares
Temple:   dpeg_three_leaves_temple
Bailey:   bailey_polearm_1, bailey

Skill      XL: |  1  2  3  4  5  6  7  8  9 10 11 |
---------------+----------------------------------+-----
Fighting       | 4 5 6 7 8 9 |  9.7
Shields        | 4 5 7 8 9 |  9.1
Armour         | 4 5 6 7 |  7.2
Long Blades    | 3 |  3.1
Polearms       | 2 4 5 |  5.0
Invocations    | 1 3 5 7 |  7.4
Dodging        | 1 2 3 5 |  5.0
Stealth        | 1 3 5 |  5.0
Short Blades   | 1 4 5 6 |  6.8

Action                   |  1- 3 |  4- 6 |  7- 9 | 10-12 || total
-------------------------+-------+-------+-------+-------++-------
Melee: Long sword        |   127 |    48 |       |       ||   175
       Spear             |       |   141 |   139 |       ||   280
       Rapier            |       |       |   130 |   310 ||   440
Invok: Convert to Beogh  |       |     1 |       |       ||     1
       Smiting           |       |       |       |     3 ||     3
       Recall Orcish Fol |       |       |       |     1 ||     1
  Use: Scroll            |       |     6 |     4 |     9 ||    19
       Potion            |       |       |     2 |       ||     2
 Stab: Distracted        |       |       |       |     2 ||     2
       Sleeping          |       |       |       |     2 ||     2
Armor: Scale mail        |    45 |    73 |    79 |    93 ||   290
Dodge: Dodged            |    52 |    49 |    80 |   131 ||   312
Block: Kite shield       |    60 |   102 |   140 |   210 ||   512
       Rpst.: Long sword |    20 |     5 |       |       ||    25
